 Dungeon Crawl Stone Soup version 0.26-a0-812-g31a745ddcd (webtiles) character file.

Game seed: 18041215616423666862

24 Lanoc the Grave Robber (level 3, 0/24 HPs)
             Began as a Vine Stalker Necromancer on Nov 24, 2020.
             Slain by an adder (1 damage)
             ... on level 3 of the Dungeon.
             The game lasted 00:01:13 (794 turns).

Lanoc the Grave Robber (Vine Stalker Necromancer)    Turns: 794, Time: 00:01:14

Health: 0/24       AC: 21    Str: 11    XL:     3   Next: 2%
Magic:  0/7        EV:  2    Int: 15    God:
Gold:   51         SH:  0    Dex: 14    Spells: 5/6 levels left

rFire    + . .     SeeInvis .   (no weapon)
rCold    + . .     Faith    .   (no shield)
rNeg     + + +     Spirit   +   (armour currently unavailable)
rPois    +         Reflect  .   (helmet currently unavailable)
rElec    +         Harm     .   (cloak currently unavailable)
rCorr    +         Rampage  .   (gloves currently unavailable)
MR       .....     NoTele   +   (boots currently unavailable)
Stlth    ++........             (no amulet)
HPRegen  0.08/turn              (no ring)
MPRegen  0.10/turn              (no ring)

@: lethally poisoned (0 -> -2), tree-form (expiring), resistant
A: magic shield, no potion heal 3, rot immunity
a: no special abilities


You were on level 3 of the Dungeon.
You were a tree.
You visited 1 branch of the dungeon, and saw 3 of its levels.

You collected 51 gold pieces.

Inventory:

Armour
 a - a +0 robe (melded)
Scrolls
 b - 2 scrolls of noise {unknown}
 f - a scroll of remove curse {unknown}


   Skills:
 + Level 2.0 Dodging
 - Level 2.4 Stealth
 - Level 2.1 Spellcasting
 * Level 4.6 Necromancy


You had 5 spell levels left.
You knew the following spells:

 Your Spells              Type           Power        Failure   Level
a - Pain                  Necr           ###.         3%          1

Your spell library contained the following spells:

 Spells                   Type           Power        Failure   Level
 Animate Skeleton         Necr           ###...       3%          1
 Vampiric Draining        Necr           ###.......   10%         3
 Animate Dead             Necr           ###.......   32%         4
 Agony                    Necr           ###.....     65%         5


Dungeon Overview and Level Annotations

Branches:
Dungeon (3/15)

Altars:


Innate Abilities, Weirdness & Mutations

((You have extremely sharp teeth.))
When hurt, damage is shared between your health and your magic reserves.
((Your bite disrupts and absorbs the magic of your enemies.))
Potions cannot restore your health.
You are immune to rotting.


Message History

The adder bites you.
* * * LOW HITPOINT WARNING * * *
You closely miss the adder.
The adder is severely wounded.
The adder bites you but does no damage.
You hit the adder but do no damage.
The adder is severely wounded.
The adder bites you but does no damage. x2
You hit the adder.
The adder is almost dead.
* * * LOW HITPOINT WARNING * * *
You feel sick. The adder bites you but does no damage.
You closely miss the adder.
The adder is almost dead.
The adder bites you but does no damage.
You hit the adder but do no damage.
The adder is almost dead.
Your transformation is almost over.
The adder bites you but does no damage. The adder bites you.
You die...

.(.. .........
........ #....S. #
#.#..K#.##
#.#.r.....
#.#.....#
#.#####♣#.....##
#.......S.......
..####.(####.##.# #
###..####.##>##.#
#......##.......#
#.#..#....##.####
#.#.[####........
...........#.###.#
##.########.#.###.#


You could see an adder.

Vanquished Creatures
  An adder (D:3)
  A worm (D:2)
  2 quokkas (D:3)
  2 bats (D:3)
  2 frilled lizards
  2 goblins (D:1)
  A kobold (D:2)
  5 rats
16 creatures vanquished.

Notes
Turn   | Place    | Note
-------+----------+-------------------------------------------
     0 | D:1      | Lanoc the Vine Stalker Necromancer began the quest for the
                  | Orb.
     0 | D:1      | Reached XP level 1. HP: 9/9 MP: 4/4
   238 | D:2      | Reached XP level 2. HP: 5/13 MP: 0/6
   779 | D:3      | Reached XP level 3. HP: 7/16 MP: 5/7
   792 | D:3      | HP: 1/24 [poisoned by a kobold]
   794 | D:3      | Slain by an adder

Illustrated notes

Levels and vault maps discovered:
D:1:      evilmike_arrival_rings, layout_rooms, minmay_tree_intersection,
          grunt_decor_one_mirror
D:2:      layout_rooms
D:3:      layout_loops_cross, gammafunk_ghost_mausoleum

Skill      XL: |  1  2 |
---------------+-------+-----
Dodging        | 2 |  2.0
Stealth        | |  2.4
Spellcasting   | |  2.1
Necromancy     | |  4.6

Action                   || total
-------------------------++-------
Melee: Unarmed           ||    30
       Bite              ||     5
 Cast: Pain              ||    27
  Use: Potion            ||     3
Armor: Robe              ||     1
       Skin              ||    23
Dodge: Dodged            ||    11

Table legend: (Time is in decaauts)
 A = Elapsed time spent in this place.
 B = Non-inter-level travel time spent in this place.
 C = Inter-level travel time spent in this place.
 D = Time resting spent in this place.
 E = Time spent auto-exploring this place.
 F = Levels seen in this place.
 G = Mean time per level.
                   A        B        C        D        E       F      G
               +--------+--------+--------+--------+--------+-----+--------+
         Total |    793 |    793 |      0 |      0 |    689 |   3 |  264.3 |
       Dungeon |    793 |    793 |      0 |      0 |    689 |   3 |  264.3 |
               +--------+--------+--------+--------+--------+-----+--------+

Top non-repeatable levels by time:
     D:2: 376 daAuts
     D:1: 220 daAuts
     D:3: 196 daAuts
